 Dungeon Sprint DCSS version 0.16-a0-3465-g53c7d0b (webtiles) character file.

583 BluebellGnoll the Arsonist (level 7, -9/36 HPs)
             Began as a Deep Elf Fire Elementalist on Jan 2, 2015.
             Was a Believer of Vehumet.
             Mangled by a griffon (16 damage)
             ... in the Dungeon (Sprint IX: "|||||||||||||||||||||||||||||").
             The game lasted 00:03:23 (424 turns).

BluebellGnoll the Arsonist (DEFE)                    Turns: 424, Time: 00:03:24

Health: -9/36      AC:  4    Str: 11    XL:     7   Next: 14%
Magic:  28/28      EV: 13    Int: 22    God:    Vehumet [**....]
Gold:   0          SH:  0    Dex: 15    Spells: 4 memorised, 17 levels left

rFire  . . .     SeeInvis .     (no weapon)
rCold  . . .     Clarity  .     a - +0 robe
rNeg   . . .     SustAb   .     (no shield)
rPois  .         Gourm    .     j - +0 helmet
rElec  .         Spirit   .     (no cloak)
rCorr  .         Warding  .     p - +0 pair of gloves
rMut   .         NoTele   +     (no boots)
MR     .....                    (no amulet)
Stlth  ++........               r - +3 ring of strength
                                q - +3 ring of strength

@: not resistant to hostile enchantments, unstealthy
A: no striking features
a: Renounce Religion


You were in the Dungeon.
You worshipped Vehumet.
Vehumet was pleased with you.
You were not hungry.

You visited 1 branch

Inventory:

Hand weapons
 o - a +2 rapier of electrocution
Armour
 a - a +0 robe (worn)
 j - a +0 helmet (worn)
 p - a +0 pair of gloves (worn)
Magical staves
 n - a cursed staff of energy
Jewellery
 q - a +3 ring of strength (left hand)
 r - a +3 ring of strength (right hand)
Magical devices
 m - a wand of cold (1)
Scrolls
 i - 2 scrolls of blinking
 k - 2 scrolls of remove curse
 l - 2 scrolls of amnesia
Potions
 d - 4 potions of curing
 e - 3 potions of heal wounds
 f - a potion of invisibility
 g - 4 potions of magic
 h - a potion of berserk rage
Books
 b - a book of Flames

   Spells                             Type                      Level
   a - Flame Tongue                   Conjuration/Fire             1
   b - Throw Flame                    Conjuration/Fire             2
   c - Conjure Flame                  Conjuration/Fire             3
   d - Inner Flame                    Hexes/Fire                   3
   e - Sticky Flame                   Conjuration/Fire             4
   f - Fireball                       Conjuration/Fire             5
Comestibles
 c - a bread ration
 s - 13 chunks of flesh
 t - a poisonous chunk of flesh


   Skills:
 - Level 2.4 Dodging
 - Level 2.4 Stealth
 - Level 10.0 Spellcasting
 * Level 8.1 Conjurations
 + Level 12.5 Fire Magic


You had 17 spell levels left.
You knew the following spells:

 Your Spells              Type           Power        Failure   Level  Hunger
a - Flame Tongue          Conj/Fire      #####        1%          1    None
b - Throw Flame           Conj/Fire      ######       1%          2    None
c - Conjure Flame         Conj/Fire      ######..     1%          3    None
d - Inner Flame           Hex/Fire       #####...     1%          3    None


Dungeon Overview and Level Annotations

Branches:
Dungeon (1/1)

Altars:
Cheibriados
Dithmenos
Elyvilon
Fedhas
Gozag
Kikubaaqudgha
Makhleb
Nemelex Xobeh
Okawaru
Qazlal
Ru
Sif Muna
Trog
Vehumet
Xom
Yredelemnul
Zin
The Shining One
Beogh
Jiyva
Lugonu


Message History

You feel sick.
* * * LOW HITPOINT WARNING * * *
You feel sick.
Unknown command.
* * * LOW HITPOINT WARNING * * *
You feel sick.
* * * LOW HITPOINT WARNING * * *
You feel sick.
* * * LOW HITPOINT WARNING * * *
You feel sick.
Drink which item? (? for menu, Esc to quit)
You feel better.
You open the door.
A hippogriff, a griffon, a slime creature, a killer bee and a sky beast come into view.
The slime creature quivers.
The griffon screeches!
You hit the griffon.
The griffon is lightly wounded.
The griffon bites you!
You die... ▓▓▓▓▓▓▓▓▓▓▓▓▓▓▓▓▓▓▓▓▓▓▓▓▓ +.YHJ.yH@.)...÷[.[..)...' ▓▓▓▓▓▓▓▓▓▓▓▓▓▓▓▓▓▓▓▓▓▓▓▓▓

You could see a griffon, a slime creature, a hippogriff, a sky beast and a killer bee.

Vanquished Creatures
  A troll (D)
  A hippogriff (D)
  An ogre (D)
  A killer bee (D)
  A scorpion (D)
  A hound (D)
  A mummy (D)
  A bat (D)
  A goblin (D)
  2 hobgoblins (D)
  A giant newt (D)
  A jackal skeleton (D)
  3 kobolds (D)
16 creatures vanquished.

Notes
Turn   | Place    | Note
--------------------------------------------------------------
     0 | D        | BluebellGnoll, the Deep Elf Fire Elementalist, began the quest for the Orb.
     0 | D        | Reached XP level 1. HP: 10/10 MP: 5/5
     7 | D        | Reached skill level 4 in Spellcasting
    37 | D        | Reached skill level 5 in Spellcasting
   187 | D        | Noticed a scorpion
   191 | D        | Reached skill level 6 in Spellcasting
   191 | D        | Reached XP level 2. HP: 15/15 MP: 8/12
   197 | D        | Learned a level 2 spell: Throw Flame
   248 | D        | Killed a scorpion
   248 | D        | Reached skill level 10 in Spellcasting
   248 | D        | Reached XP level 3. HP: 11/19 MP: 6/20
   260 | D        | Found a glowing silver altar of Zin.
   260 | D        | Found a glowing golden altar of the Shining One.
   260 | D        | Found an ancient bone altar of Kikubaaqudgha.
   260 | D        | Found a basalt altar of Yredelemnul.
   260 | D        | Found a shimmering altar of Xom.
   260 | D        | Found a radiant altar of Vehumet.
   260 | D        | Found an iron altar of Okawaru.
   261 | D        | Found a burning altar of Makhleb.
   262 | D        | Found a deep blue altar of Sif Muna.
   263 | D        | Found a bloodstained altar of Trog.
   264 | D        | Found a sparkling altar of Nemelex Xobeh.
   265 | D        | Found a white marble altar of Elyvilon.
   266 | D        | Found a roughly hewn altar of Beogh.
   267 | D        | Found a viscous altar of Jiyva.
   268 | D        | Became a worshipper of Vehumet
   269 | D        | Found a corrupted altar of Lugonu.
   270 | D        | Found a blossoming altar of Fedhas.
   271 | D        | Found a snail-covered altar of Cheibriados.
   272 | D        | Found a shadowy altar of Dithmenos.
   273 | D        | Found a stormy altar of Qazlal.
   274 | D        | Found an opulent altar of Gozag.
   275 | D        | Found a sacrificial altar of Ru.
   322 | D        | Learned a level 3 spell: Conjure Flame
   326 | D        | Learned a level 3 spell: Inner Flame
   382 | D        | Noticed a troll
   382 | D        | Noticed an ogre
   382 | D        | Noticed a hippogriff
   382 | D        | Noticed a killer bee
   382 | D        | Noticed a hound
   384 | D        | Killed a hound
   384 | D        | Reached skill level 5 in Fire Magic
   384 | D        | Reached XP level 4. HP: 24/24 MP: 22/22
   385 | D        | Killed an ogre
   385 | D        | Reached XP level 5. HP: 28/28 MP: 24/24
   386 | D        | Acquired Vehumet's first power
   386 | D        | Offered knowledge of Freeze by Vehumet.
   386 | D        | Killed a hippogriff
   386 | D        | Reached skill level 10 in Fire Magic
   386 | D        | Reached XP level 6. HP: 22/32 MP: 26/26
   387 | D        | Killed a killer bee
   387 | D        | Reached skill level 11 in Fire Magic
   391 | D        | Killed a troll
   391 | D        | Reached skill level 12 in Fire Magic
   391 | D        | Reached XP level 7. HP: 12/36 MP: 25/28
   418 | D        | HP: 1/36 [poisoned by a killer bee]
   423 | D        | Noticed a sky beast
   423 | D        | Noticed a hippogriff
   423 | D        | Noticed a slime creature
   423 | D        | Noticed a killer bee
   423 | D        | Noticed a griffon
   424 | D        | Mangled by a griffon

Action                   |  1- 3 |  4- 6 |  7- 9 || total
-------------------------+-------+-------+-------++-------
Melee: Unarmed           |    28 |       |     1 ||    29
       Dagger            |     1 |       |       ||     1
 Cast: Flame Tongue      |    14 |     2 |       ||    16
Evoke: Wand              |     1 |     4 |     1 ||     6
  Use: Potion            |     1 |       |     1 ||     2
       Scroll            |     1 |       |       ||     1
 Stab: Sleeping          |     1 |       |       ||     1
